 Dungeon Crawl Stone Soup version 0.24.0-123-gd5b16e6ec5 (webtiles) character file.

Game seed: 3633559796392234878, levelgen mode: deterministic

378 Hasart the Digger (level 6, -8/41 HPs)
             Began as a Vampire Earth Elementalist on Jan 14, 2020.
             Mangled by an ogre
             ... wielding a +0 giant spiked club
              (13 damage)
             ... on level 4 of the Dungeon.
             The game lasted 00:12:49 (3055 turns).

Hasart the Digger (Vampire Earth Elementalist)      Turns: 3055, Time: 00:12:50

Health: -8/41      AC:  8    Str:  7    XL:     6   Next: 45%
Magic:  5/10       EV: 13    Int: 19    God:
Gold:   259        SH:  0    Dex: 15    Spells: 10/11 levels left

rFire    . . .     SeeInvis +   n - staff of poison
rCold    + . .     Gourm    .   (no shield)
rNeg     . . .     Faith    .   t - +0 troll leather armour {Purgy}
rPois    +         Spirit   .   c - +0 helmet
rElec    .         Reflect  .   (no cloak)
rCorr    .         Harm     .   (no gloves)
MR       .....                  i - +2 pair of boots
Stlth    +.........             (no amulet)
HPRegen  0.73/turn              o - ring of attention (curse)
MPRegen  0.12/turn              k - ring of protection from cold

@: very slightly contaminated, regenerating quickly
A: no food, fangs 3, see invisible, unbreathing
a: Exsanguinate


You were on level 4 of the Dungeon.
You were alive.

You visited 1 branch of the dungeon, and saw 4 of its levels.

You collected 259 gold pieces.

Inventory:

Hand Weapons
 d - a +0 short sword
Missiles
 b - 38 stones (quivered)
Armour
 c - a +0 helmet (worn)
 i - a +2 pair of boots (worn)
 t - a +0 troll leather armour (worn) {Purgy}
Magical Staves
 n - an uncursed staff of poison (weapon)
 p - an uncursed staff of power
Jewellery
 j - an uncursed ring of flight
 k - a ring of protection from cold (right hand)
 o - a cursed ring of attention (left hand)
 v - an uncursed amulet of harm {unknown}
Scrolls
 a - a scroll of noise {unknown}
 e - a scroll of amnesia {unknown}
 h - 2 scrolls of remove curse {unknown}
 l - a scroll of fear {unknown}
 q - a scroll of teleportation {unknown}
 s - a scroll of enchant armour {unknown}
 u - a scroll of magic mapping {unknown}
Potions
 f - a potion of cancellation {unknown}
 g - 2 potions of curing {unknown}
 m - a potion of berserk rage {unknown}
 r - a potion of lignification {unknown}


   Skills:
 + Level 0.6 Armour
 + Level 3.9 Dodging
 - Level 3.0 Stealth
 + Level 3.3 Spellcasting
   Level 1.1 Transmutations
 * Level 5.2 Earth Magic
 + Level 2.0 Evocations


You had 10 spell levels left.
You knew the following spells:

 Your Spells              Type           Power        Failure   Level  Hunger
a - Sandblast             Erth           ###...       2%          1    N/A

Your spell library contained the following spells:

 Spells                   Type           Power        Failure   Level  Hunger
 Passwall                 Tmut/Erth      ###.....     9%          2    N/A
 Animate Skeleton         Necr           N/A          22%         1    N/A
 Apportation              Tloc           #.....       22%         1    N/A
 Confusing Touch          Hex            #.....       22%         1    N/A
 Summon Small Mammal      Summ           #...         22%         1    N/A
 Stone Arrow              Conj/Erth      ##....       22%         3    N/A
 Petrify                  Tmut/Erth      ###.....     52%         4    N/A
 Lee's Rapid Deconstruct  Erth           ###.......   56%         5    N/A

Dungeon Overview and Level Annotations

Branches:
Dungeon (4/15)
 Temple: D:4-7

Altars:
Cheibriados
Dithmenos
Kikubaaqudgha
Sif Muna


Innate Abilities, Weirdness & Mutations

You do not eat.
Your natural rate of healing is unusually fast.
You have razor-sharp teeth.
You have supernaturally acute eyesight. (SInv)
You can survive without breathing.


Message History

Casting: Sandblast (safe; 2% risk of failure)
Confirm with . or Enter, or press ? or * to list all spells.
Aiming: Sandblast (safe; 2% risk of failure)
Press: ? - help, Shift-Dir - straight line, f/p - ogre
Aim: an ogre, wielding a +0 giant spiked club (heavily wounded)
The blast of sand hits the ogre!
The ogre is almost dead.
b - 38 stones The ogre hits you with a +0 giant spiked club!
* * * LOW HITPOINT WARNING * * *
Casting: Sandblast (safe; 2% risk of failure)
Confirm with . or Enter, or press ? or * to list all spells.
Aiming: Sandblast (safe; 2% risk of failure)
Press: ? - help, Shift-Dir - straight line, f/p - ogre
Aim: an ogre, wielding a +0 giant spiked club (almost dead)
You miscast Sandblast.
You are very lightly contaminated with residual magic.
You feel a surge of energy from the ground.
The ogre hits you with a +0 giant spiked club!
You die...

###########........
#.........#........
#.........#........
##.......##...##'##
#.......##...#....
##.......##...#...#
#.........[...#....
#.....†.......#.%..
#.@.......)...#....
##O########...#....
#.. #...#.... ....
....#...# ##....
....#.... #.....
...#.... .......
...#...# ########
#.... ......


You could see an ogre.

Vanquished Creatures
  Purgy (D:3)
  An ogre (D:4)
  A hound (D:4)
  A worker ant (D:4)
  7 adders (D:2)
  An adder skeleton (D:4)
  A worm (D:3)
  2 dart slugs
  2 orcs
  2 giant cockroaches
  6 goblins
  8 hobgoblins
  7 jackals (D:4)
  10 kobolds
  9 bats
  7 frilled lizards
  A leopard gecko skeleton (D:4)
  11 rats
78 creatures vanquished.

Notes
Turn   | Place    | Note
-------+----------+-------------------------------------------
     0 | D:1      | Hasart the Vampire Earth Elementalist began the quest for
                  | the Orb.
     0 | D:1      | Reached XP level 1. HP: 13/13 MP: 3/3
   166 | D:1      | Reached XP level 2. HP: 17/19 MP: 5/5
   711 | D:2      | Found a faded altar of an unknown god.
   722 | D:2      | Reached XP level 3. HP: 24/24 MP: 6/6
   970 | D:2      | Reached skill level 4 in Earth Magic
  1083 | D:2      | Reached XP level 4. HP: 21/30 MP: 4/7
  1533 | D:2      | Found a shimmering blue altar of Sif Muna.
  1771 | D:2      | Found a snail-covered altar of Cheibriados.
  1974 | D:3      | Found an ancient bone altar of Kikubaaqudgha.
  2262 | D:3      | Reached skill level 1 in Evocations
  2345 | D:3      | Noticed Purgy
  2351 | D:3      | Killed Purgy
  2351 | D:3      | Reached XP level 5. HP: 35/35 MP: 4/9
  2555 | D:4      | Found a shadowy altar of Dithmenos.
  2852 | D:4      | Reached XP level 6. HP: 38/41 MP: 10/10
  2868 | D:4      | Reached skill level 5 in Earth Magic
  3055 | D:4      | Mangled by an ogre

Levels and vault maps discovered:
D:1:      sevenhm_arrival_forest_fort_large_3, layout_rooms
D:2:      layout_basic, lemuel_blue_sif_altar, cheibriados_altar_1,
          chequers_ecumenical_altar_simple, first_ration
D:3:      layout_basic, kiku_gazebo_garden_becter, uniq_purgy
D:4:      layout_gridville, grunt_temple_overflow_open, minmay_unequal

Skill      XL: |  1  2  3  4  5  6 |
---------------+-------------------+-----
Earth Magic    | 4 5 |  5.2
Dodging        | 3 |  3.9
Evocations     | 1 2 |  2.0
Spellcasting   | 3 |  3.3
Armour         | |  0.6
Stealth        | |  3.0
Transmutations | |  1.1

Action                   |  1- 3 |  4- 6 || total
-------------------------+-------+-------++-------
Melee: Short sword       |    76 |       ||    76
       Unarmed           |     3 |       ||     3
       Staff             |    76 |   271 ||   347
       Bite              |     6 |    18 ||    24
 Cast: Sandblast         |    16 |    12 ||    28
 Stab: Sleeping          |     3 |     3 ||     6
Armor: Robe              |    74 |    46 ||   120
       Troll leather arm |       |    79 ||    79
Dodge: Dodged            |   146 |   302 ||   448
